Map: Cerulean Fall LE

Players

Odin - Winner!

  • Race: Zerg Zerg
  • League: Gold
  • Spawn Location: 7:00

keyser

  • Race: Terran Terran
  • League: Gold
  • Spawn Location: 1:00

VOD

Have the link to the VOD?

Description

Time

  • Played on: Dec. 15, 2018, 1:03 a.m.
  • Length: 6:51
Show
View Real Time Build Order
Export as new Build Order

Odin Zerg - Winner!

Build Orders: Hatch First 

Get SALT Encoding   

  12  0:19  Drone x2  
  14  0:21  Extractor, Drone  
  15  0:30  Overlord  
  15  0:57  Drone x2  
  15  1:00  Hatchery  
  16  1:09  Drone  
  17  1:14  Extractor  
  16  1:18  Spawning Pool  
  16  1:19  Drone  
  16  1:46  Drone x3  
  19  2:08  Queen  
  19  2:12  Zergling x4  
  23  2:17  Hatchery  
  22  2:34  Drone x4  
  22  2:35  Drone  
  27  2:41  Overlord  
  27  2:54  Extractor  
  26  2:58  Overlord, Queen  
  28  3:13  Roach Warren  
  27  3:30  Queen  
  29  3:54  Roach x6  
  41  3:56  Overlord  
  41  3:57  Overlord  
  41  4:02  Metabolic Boost  
  41  4:06  Drone  
  42  4:23  Drone  
  42  4:24  Drone x3  
  46  4:28  Ravager x2  
  48  4:37  Drone x2  
  48  4:38  Drone x5  
  55  4:56  Ravager  
  55  4:57  Ravager  
  57  5:05  Extractor  
  56  5:08  Extractor  
  56  5:09  Lair  
  56  5:10  Overlord  
  56  5:11  Overlord x3  
  43  6:00  Roach x13  
  59  6:28  Ravager x3  
  62  6:34  Zergling x2  
Show
View Real Time Build Order
Export as new Build Order

keyser Terran 

Build Orders: Liberator Opening 

Get SALT Encoding   

  12  0:01  SCV  
  13  0:17  Supply Depot  
  13  0:18  SCV  
  14  0:30  SCV  
  15  0:40  Barracks  
  16  0:47  Refinery  
  16  0:48  SCV  
  16  1:00  SCV  
  17  1:12  SCV  
  18  1:24  SCV  
  19  1:29  Supply Depot  
  19  1:31  Refinery  
  19  1:32  Marine  
  20  1:36  SCV  
  21  1:50  Marine  
  21  1:53  Factory  
  23  2:00  Orbital Command  
  22  2:08  Marine  
  23  2:30  Barracks  
  23  2:37  Widow Mine, Barracks Tech Lab  
  23  2:43  Starport  
  25  3:06  Hellion  
  25  3:08  Combat Shield  
  27  3:17  Barracks Reactor  
  27  3:22  Medivac  
  27  3:24  Marine  
  30  3:30  Armory  
  30  3:37  Supply Depot  
  30  3:39  Hellion  
  32  3:44  Liberator  
  32  3:46  SCV  
  36  4:04  Factory Tech Lab  
  36  4:06  Marine x2  
  38  4:19  Marine, Supply Depot  
  38  4:24  Marine x2  
  41  4:37  Marine  
  42  4:42  Marine  
  42  4:44  Infernal Pre-Igniter, Medivac  
  45  4:53  Hellion  
  45  4:55  Marine  
  45  4:56  Marine  
  49  5:14  Hellion  
  49  5:16  Marine x2  
  49  5:36  Hellion  
  38  5:57  Hellion  
  39  6:07  Marine x3  
  45  6:19  Hellion  
  45  6:24  Marine x2  
  45  6:25  Marine  
Tags
 
Add a new tag
Caveats
  • Supply blocks, unpowered buildings, or Contaminate may cause inaccurate times.
  • Supply counts are checked every 10 seconds.